 Dungeon Crawl Stone Soup version 0.31-a0-233-g139696dc86 (webtiles) character file.

Game seed: 15537696820569262075

205 qw the Shooter (level 5, -18/45 HPs)
             Began as a Minotaur Hexslinger on July 8, 2023.
             Demolished by an ogre
             ... wielding a +0 giant spiked club
              (29 damage)
             ... on level 3 of the Dungeon.
             The game lasted 00:00:58 (2017 turns).

qw the Shooter (Minotaur Hexslinger)                Turns: 2017, Time: 00:00:59

Health: -18/45     AC:  9    Str: 18    XL:     5   Next: 53%
Magic:  0/5        EV: 11    Int: 10    God:
Gold:   91         SH:  0    Dex: 15    Spells: 5/6 levels left

rFire   . . .        Y - +4 sling
rCold   . . .        (no shield)
rNeg    . . .        f - +0 ring mail
rPois   .            (helmet restricted)
rElec   .            (no cloak)
rCorr   .            (no gloves)
SInv    .            (no boots)
Will    .....        b - amulet of guardian spirit
Stlth   +            j - +4 ring of protection
HPRegen 0.27/turn    d - +6 ring of strength
MPRegen 0.09/turn

%: guardian spirit
@: no status effects
A: horns 2, retaliatory headbutt
a: no special abilities


You were on level 3 of the Dungeon.
You visited 1 branch of the dungeon, and saw 3 of its levels.

You collected 91 gold pieces.


Innate Abilities, Weirdness & Mutations

You have a pair of horns on your head.
You reflexively headbutt those who attack you in melee.


   Skills:
 - Level 3.0 Fighting
 + Level 5.4 Ranged Weapons
 - Level 2.0 Armour
 - Level 2.1 Dodging
 - Level 1.0 Spellcasting
 - Level 2.0 Hexes


You had 5 spell levels left.
You knew the following spells:

 Your Spells              Type           Power      Damage    Failure   Level
a - Slow                  Hex            16%        N/A       26%         1

Your spell library contained the following spells:

 Spells                   Type           Power      Damage    Failure   Level
 Inner Flame              Hex/Fire       2%         N/A       75%         3
 Portal Projectile        Hex/Tloc       4%         N/A       75%         3
 Cause Fear               Hex            2%         N/A       95%         4

Inventory:

Hand Weapons
 Y - a +4 sling (weapon)
Armour
 f - a +0 ring mail (worn)
Jewellery
 b - an amulet of guardian spirit (around neck)
 d - a +6 ring of strength (right hand)
 j - a +4 ring of protection (left hand)
Scrolls
 a - a scroll of torment {unknown}
 h - 4 scrolls of identify
Potions
 i - a potion of enlightenment

Dungeon Overview and Level Annotations

Branches:
Dungeon (3/15)

Altars:


Message History

There is a stone staircase leading up here.
An ogre comes into view. It is wielding a +0 giant spiked club.
The ogre shouts!
Enter note:
Enter note:
Enter note:
Enter note:
Enter note:
Enter note:
Enter note:
Enter note:
Enter note: You shoot a sling bullet.
The sling bullet hits the ogre!
The ogre is moderately wounded.
You shoot a sling bullet. The sling bullet hits the ogre.
The ogre is moderately wounded.
The ogre hits you with a +0 giant spiked club.
A goblin comes into view. It is wielding a +0 club.
You shoot a sling bullet. The goblin shouts!
The sling bullet hits the ogre!
The ogre is heavily wounded.
The ogre hits you with a +0 giant spiked club!!
You shoot a sling bullet.
The sling bullet barely misses the ogre.
You shoot a sling bullet.
The sling bullet barely misses the ogre.
The sling bullet closely misses the goblin.
The ogre hits you with a +0 giant spiked club!
You shoot a sling bullet. The sling bullet hits the ogre!
The ogre is almost dead.
The ogre barely misses you.
A ball python comes into view.
You shoot a sling bullet. The ball python hisses angrily.
The sling bullet hits the ogre.
The ogre is almost dead.
The ogre hits you with a +0 giant spiked club!!
Ouch! That really hurt!
You die...

............ ###....
............... ....... .......
......................S...####...
.......................... #...
................ .........####...
...............# .........)#...##
...)...........# .g........#.....
...............##O.......#......#
.....#.........<@..............##
..........#....................##
.#####.####...##..........#..###.
.#####.####..###.................
....#...................?.......#
###..........###...............).
......#..##...........[..###.....
###..###..#..###...........#.##..
.............##. #....###....##.)


You could see an ogre, a goblin and a ball python.

Vanquished Creatures
  An orc priest (D:3)
  Natasha (thrice) (D:2)
  4 adders
  2 worms (D:2)
  5 orcs (D:3)
  3 ball pythons
  4 endoplasms
  4 giant cockroaches
  8 goblins
  2 hobgoblins
  A quokka (D:1)
  6 bats
  2 frilled lizards
  8 kobolds
  4 rats
57 creatures vanquished.

Notes
Turn   | Place    | Note
-------+----------+-------------------------------------------
     0 | D:1      | qw the Minotaur Hexslinger began the quest for the Orb.
     0 | D:1      | Reached XP level 1. HP: 16/16 MP: 1/1
     0 | D:1      | 0 ||| qw: Version: 0.3-a-46-gb1f654a
     0 | D:1      | 0 ||| qw: Game counter: 3751
     0 | D:1      | 0 ||| qw: Melee chars always use a shield: true
     0 | D:1      | 0 ||| qw: God list: Okawaru
     0 | D:1      | 0 ||| qw: Allow faded altars: false
     0 | D:1      | 0 ||| qw: Do Orc after clearing Dungeon:15 true
     0 | D:1      | 0 ||| qw: Do second Lair branch before Depths: true
     0 | D:1      | 0 ||| qw: Lair rune preference: random
     0 | D:1      | 0 ||| qw: Goals: Normal
     0 | D:1      | 0 ||| PLANNING D:1-11
   212 | D:1      | Reached skill level 3 in Ranged Weapons
   212 | D:1      | Reached XP level 2. HP: 23/23 MP: 2/2
   846 | D:1      | 846 ||| UPGRADING to +0 ring mail.
   856 | D:1      | 856 ||| DROPPING +0 robe.
   857 | D:1      | 857 ||| UPGRADING to +4 ring of protection.
   858 | D:1      | 858 ||| READING scroll labelled AFUEFFESUHA.
   863 | D:1      | 863 ||| READING scroll labelled NIORAO NAIC.
   864 | D:1      | 864 ||| READING 2 scrolls labelled LEPSAH HIMARCH.
   865 | D:1      | 865 ||| DROPPING scroll of poison.
  1021 | D:2      | Reached XP level 3. HP: 20/29 MP: 3/3
  1021 | D:2      | 1021 ||| FLEEEEING.
  1022 | D:2      | 1022 ||| FLEEEEING.
  1023 | D:2      | 1023 ||| FLEEEEING.
  1024 | D:2      | 1024 ||| FLEEEEING.
  1026 | D:2      | 1026 ||| FLEEEEING.
  1027 | D:2      | 1027 ||| FLEEEEING.
  1030 | D:2      | 1030 ||| FLEEEEING.
  1031 | D:2      | 1031 ||| FLEEEEING.
  1032 | D:2      | 1032 ||| FLEEEEING.
  1046 | D:2      | 1046 ||| FLEEEEING.
  1183 | D:2      | Reached skill level 4 in Ranged Weapons
  1206 | D:2      | Noticed Natasha
  1223 | D:2      | HP: 7/29 [cerulean imp/+1 spear[Natasha] (5)]
  1224 | D:2      | 1224 ||| READING scroll of teleportation.
  1224 | D:2      | HP: 1/29 [Natasha (3)]
  1232 | D:2      | Killed Natasha
  1233 | D:2      | Reached XP level 4. HP: 6/36 MP: 4/4
  1345 | D:2      | Noticed Natasha
  1356 | D:2      | Killed Natasha
  1358 | D:2      | Noticed Natasha
  1370 | D:2      | 1370 ||| FLEEEEING.
  1371 | D:2      | 1371 ||| FLEEEEING.
  1372 | D:2      | 1372 ||| FLEEEEING.
  1373 | D:2      | 1373 ||| FLEEEEING.
  1374 | D:2      | 1374 ||| FLEEEEING.
  1375 | D:2      | 1375 ||| FLEEEEING.
  1376 | D:2      | 1376 ||| FLEEEEING.
  1377 | D:2      | 1377 ||| STAIRDANCE
  1448 | D:1      | 1448 ||| UPGRADING to amulet of guardian spirit.
  1453 | D:1      | 1453 ||| READING 3 scrolls labelled MAKUNU BAOGG.
  1454 | D:1      | 1454 ||| READING 2 scrolls of enchant weapon.
  1454 | D:1      | 1454 ||| ENCHANTING +2 sling.
  1455 | D:1      | 1455 ||| READING scroll of enchant weapon.
  1455 | D:1      | 1455 ||| ENCHANTING +3 sling.
  1456 | D:1      | 1456 ||| DRINKING 2 clear potions.
  1457 | D:1      | 1457 ||| READING 4 scrolls of identify.
  1457 | D:1      | 1457 ||| IDENTIFYING lumpy orange potion
  1458 | D:1      | 1458 ||| DROPPING potion of attraction.
  1464 | D:2      | Killed Natasha
  1488 | D:2      | Reached skill level 5 in Ranged Weapons
  1783 | D:2      | 1783 ||| UPGRADING to +6 ring of strength.
  1784 | D:2      | 1784 ||| READING scroll labelled DAREXT ZUWAUWUIKK.
  1785 | D:2      | 1785 ||| READING scroll labelled FATU TEATYUBLA.
  1812 | D:3      | Reached XP level 5. HP: 40/42 MP: 5/5
  1970 | D:3      | Reached skill level 3 in Fighting
  2010 | D:3      | Noticed an ogre
  2015 | D:3      | HP: 11/45 [ogre/+0 giant spiked club (11)]
  2017 | D:3      | Demolished by an ogre

Levels and vault maps discovered:
D:1:      saegor_arrival_simple_c, layout_basic
D:2:      layout_rooms, chequers_serial_rivers_room_b, hangedman_feature_mirror,
          uniq_natasha
D:3:      layout_rooms, nrook_campfire

Skill      XL: |  1  2  3  4  5 |
---------------+----------------+-----
Ranged Weapons | 3 4 5 |  5.4
Fighting       | 2 3 |  3.0
Armour         | 2 |  2.0
Dodging        | |  2.1
Spellcasting   | |  1.0
Hexes          | |  2.0

Action                     |  1- 3 |  4- 6 || total
---------------------------+-------+-------++-------
  Melee: Unarmed           |       |     2 ||     2
   Fire: Sling             |   127 |    82 ||   209
    Use: Scroll            |     4 |     6 ||    10
         Potion            |       |     1 ||     1
 Armour: Ring mail         |    37 |    19 ||    56
         Robe              |     1 |       ||     1
         Skin              |       |     2 ||     2
  Dodge: Dodged            |    49 |    42 ||    91

Table legend:
 A = Non-vault XP
 B = Vault XP
 C = Vault XP percentage of total XP
 D = Non-vault monster count
 E = Vault monster count
 F = Vault count percentage of total count
                 A         B        C        D         E       F
            +---------+---------+-------+---------+---------+-------
      Total |     256 |      38 |  12.9 |      54 |       3 |   5.3
            +---------+---------+-------+---------+---------+-------
        D:1 |      22 |       0 |   0.0 |      13 |       0 |   0.0
        D:2 |     132 |      38 |  22.4 |      23 |       3 |  11.5
        D:3 |     102 |       0 |   0.0 |      18 |       0 |   0.0
            +---------+---------+-------+---------+---------+-------
